 Dungeon Crawl Stone Soup version 0.27-a0-898-g810843a28d (webtiles) character file.

Game seed: 746152751311237493

5509 Lanoc the Agent of Entropy (level 10, -2/99 HPs)
             Began as a Purple Draconian Abyssal Knight on Apr 5, 2021.
             Was a Priest of Lugonu.
             Slain by a small abomination (14 damage)
             ... summoned by Lugonu's corruption
             ... on level 10 of the Dungeon.
             The game lasted 00:23:10 (11919 turns).

Lanoc the Agent of Entropy (DrAK)                  Turns: 11919, Time: 00:23:10

Health: -2/99      AC: 10    Str: 23    XL:     10   Next: 43%
Magic:  20/27      EV: 19    Int: 18    God:    Lugonu [***...]
Gold:   495        SH: 10    Dex: 13    Spells: 9/9 levels left

rFire    . . .     SeeInvis .   t - +9 mace of Var Fybel {drain, Str+2 Int+3}
rCold    . . .     Faith    +   c - +1 buckler
rNeg     . . .     Spirit   .   (armour unavailable)
rPois    +         Reflect  .   (helmet restricted)
rElec    .         Harm     .   h - +0 cloak
rCorr    .         Rampage  .   (no gloves)
Will     +....                  s - +1 pair of boots
Stlth    ..........             E - amulet of Symmetry {Faith rPois MP+9 Int+2 Stlth-}
HPRegen  0.26/turn              r - +6 ring of strength
MPRegen  0.20/turn              I - +4 ring of evasion

@: no status effects
A: breathe power, AC +7, unfitting armour, cold-blooded, horns 1, stinger 1,
large bone plates 1, robust 1, no potion heal 1
a: Breathe Dispelling Energy, Renounce Religion, Depart the Abyss, Bend Space,
Banish


You were on level 10 of the Dungeon.
You worshipped Lugonu.
Lugonu was most pleased with you.
You visited 1 branch of the dungeon, and saw 10 of its levels.
You visited the Abyss 1 time.
You also visited: Bailey.

You collected 567 gold pieces.
You spent 72 gold pieces at shops.

Inventory:

Hand Weapons
 a - a +2 spear
 t - the +9 mace of Var Fybel (weapon) {drain, Str+2 Int+3}
   (You found it on level 4 of the Dungeon)

   A truly terrible weapon, it drains the life of those it strikes.
   It affects your strength (+2).
   It affects your intelligence (+3).
Missiles
 f - a throwing net
 o - 5 atropa-tipped darts
 p - 7 curare-tipped darts
 A - 2 datura-tipped darts
Armour
 c - a +1 buckler (worn)
 h - a +0 cloak (worn)
 s - a +1 pair of boots (worn)
Jewellery
 r - a +6 ring of strength (left hand)
 E - the amulet of Symmetry (around neck) {Faith rPois MP+9 Int+2 Stlth-}
   (You found it in a bailey)

   [amulet of faith]

   It allows you to gain divine favour quickly.
   It affects your intelligence (+2).
   It protects you from poison.
   It affects your magic capacity (+9).
   It makes you less stealthy.
 I - a +4 ring of evasion (right hand)
Wands
 y - a wand of digging (3)
Scrolls
 e - a scroll of amnesia
 g - 2 scrolls of enchant armour
 i - 2 scrolls of teleportation
 j - 2 scrolls of fear
 l - 8 scrolls of identify {unknown}
 n - 2 scrolls of noise {unknown}
 q - a scroll of silence {unknown}
 u - a scroll of blinking
 v - a scroll of magic mapping {unknown}
 x - 3 scrolls of vulnerability {unknown}
 C - a scroll of acquirement {unknown}
Potions
 b - 9 potions of curing
 k - 2 potions of resistance {unknown}
 m - 2 potions of heal wounds
 w - 2 potions of flight {unknown}
 z - 2 potions of might
 B - a potion of cancellation {unknown}
 D - a potion of experience {unknown}
 F - a potion of invisibility {unknown}
 H - a potion of haste
Miscellaneous
 d - a phantom mirror (inert)


   Skills:
 + Level 8.7 Fighting
 - Level 3.9 Polearms
 + Level 7.0 Dodging
 - Level 4.0 Shields
 * Level 11.3 Invocations


You had 9 spell levels left.
You didn't know any spells.
Your spell library contained the following spells:

 Spells                   Type           Power      Damage    Failure   Level
 Summon Small Mammal      Summ           0%         N/A       22%         1
 Call Imp                 Summ           0%         N/A       32%         2
 Call Canine Familiar     Summ           0%         N/A       54%         3
 Summon Guardian Golem    Hex/Summ       0%         N/A       54%         3
 Summon Ice Beast         Ice/Summ       0%         N/A       91%         4
 Summon Lightning Spire   Summ/Air       0%         N/A       91%         4


Dungeon Overview and Level Annotations

Branches:
Dungeon (10/15)            Bailey (visited)
 Temple: D:4-7         Lair: D:8-11         Orc: D:9-12

Altars:
Cheibriados
Gozag
Hepliaklqana
Qazlal
Ru
Uskayaw
Zin
The Shining One

Shops:
D:8 *

Annotations:
D:9 corrupted
D:10 corrupted
Abyss:1 Grinder


Innate Abilities, Weirdness & Mutations

You can breathe bolts of dispelling energy.
Your rich purple scales are hard. (AC +7)
You cannot fit into any form of body armour.
You are cold-blooded and may be slowed by cold attacks.
You have a pair of small horns on your head.
Your tail ends in a poisonous barb.
You are partially covered in large bone plates. (SH +4)
You are robust. (+10% HP)
Potions are less effective at restoring your health.


Message History

You closely miss the two-headed ogre.
Your tail-slap misses the two-headed ogre.
The two-headed ogre is heavily wounded.
The two-headed ogre completely misses you. x2
You hit the two-headed ogre.
The two-headed ogre is heavily wounded.
The two-headed ogre hits you with a +0 giant club!!
The two-headed ogre hits you with a +0 giant spiked club!!
* * * LOW HITPOINT WARNING * * *
You have got your breath back.
You see here a +0 falchion.
You fail to use your ability.
The two-headed ogre completely misses you.
You block the two-headed ogre's attack.
Lugonu's Hand of Corruption reaches out!
You can no longer corrupt the fabric of space.
The yak gores something but does no damage.
The tentacled starspawn closely misses you.
The tentacled starspawn tentacle-slaps you!
* * * LOW HITPOINT WARNING * * *
The raiju bursts into living lightning!
The living lightning hits the yak!
The living lightning hits the killer bee!
The living lightning hits the two-headed ogre!
The raiju blinks!
The lich gestures at itself while chanting.
The lich flickers and vanishes!
Deactivating autopickup; reactivate with Ctrl-A.
The thrashing horror closely misses the yak.
The thrashing horror tramples the yak!
The yak holds its ground!
The two-headed ogre misses you. You block the two-headed ogre's attack.
The yak gores the fire dragon zombie but does no damage.
The fire dragon zombie bites the yak.
The fire dragon zombie barely misses the yak.
The fire dragon zombie tramples the yak.
A starcursed mass splits.
The thrashing horror barely misses the yak.
The thrashing horror tramples the yak.
The yak stumbles backwards!
The small abomination hits you!
You die...

#......####.......... #####'##
####..†.... #.#..# ##.#####
#...## #.))# #.##### #####'###
###.###.## #........ #####
#.2.#....# #........ .....###
#.5..#...# #........
.....yY######t.5@xh.# #........
.....#...YyYZX#OX#...# #........
Y....###...Y.Yy#...######........
..... ####.#q#........'........
..... #.........#####........
##### #X##...3..... #........ #.
#.#4....#.## #####'### #
#X#....####.. #.# #.......# ##
#.# #


You could see a two-headed ogre (drained), 4 yaks, 2 killer bees, 2 neutral
starcursed masses, a neutral white draconian shifter (summoned), a neutral
tentacled starspawn (summoned), a neutral apocalypse crab (summoned), a neutral
thrashing horror (summoned), a neutral hellion (summoned), a neutral raiju
(summoned), a neutral ynoxinul (summoned), a neutral small abomination
(summoned), a neutral iron imp (summoned), a neutral ufetubus (summoned) and a
neutral fire dragon zombie (summoned).

Vanquished Creatures
  A manticore (D:8)
  A troll (D:10)
  A centaur simulacrum (D:10)
  A yak (D:10)
  2 wyverns
  A water moccasin (D:7)
  3 orc warriors
  A sky beast (D:7)
  2 black bears
  A hornet zombie (D:6)
  A necrophage (D:5)
  An ogre (D:5)
  A phantom (D:5)
  A gnoll sergeant (D:10)
  2 bullfrogs
  A wyvern zombie (D:8)
  A water moccasin zombie (D:5)
  A killer bee (D:10)
  14 wights
  2 howler monkeys
  3 centaur zombies
  3 jellies
  A gnoll shaman (D:5)
  4 orc priests
  Crazy Yiuf (D:4)
  A hound (D:6)
  A bullfrog skeleton (D:5)
  2 iguanas
  5 orc wizards
  A scorpion zombie (D:5)
  2 hound zombies (D:5)
  2 hound skeletons
  A howler monkey zombie (D:10)
  15 gnolls
  8 adders
  4 white imps
  An ufetubus (D:5)
  An adder skeleton (D:4)
  3 dart slugs
  36 orcs
  13 endoplasms
  3 giant cockroaches
  7 goblins
  11 hobgoblins
  7 jackals (D:1)
  4 quokkas
  5 ball pythons
  4 bats
  8 frilled lizards
  31 kobolds
  5 rats
232 creatures vanquished.

Vanquished Creatures (collateral kills)
  A two-headed ogre (D:9)
1 creature vanquished.

Vanquished Creatures (others)
  An orc warlord (Bailey)
  6 yaks (D:9)
  2 orc warriors (D:9)
  A centaur (D:9)
  A kobold brigand (D:9)
  A gnoll sergeant (D:9)
  6 killer bees (D:9)
  3 gnolls (D:9)
  2 orcs (D:9)
  4 goblins (D:9)
  A hobgoblin (Bailey)
  5 kobolds (D:9)
  4 foxfires (D:9)
  5 fungi (D:2)
  8 starspawn tentacles
  7 toadstools (D:2)
57 creatures vanquished.

Grand Total: 290 creatures vanquished

Notes
Turn   | Place    | Note
-------+----------+-------------------------------------------
     0 | Abyss:1  | Lanoc the Draconian Abyssal Knight began the quest for the
                  | Orb.
     0 | Abyss:1  | Reached XP level 1. HP: 19/19 MP: 2/2
    83 | Abyss:1  | Noticed a shining eye
    84 | Abyss:1  | Noticed a small abomination
    86 | Abyss:1  | Noticed a small abomination
    92 | Abyss:1  | Noticed an iron imp
    93 | Abyss:1  | Noticed a bone dragon
    94 | D:1      | Escaped the Abyss
   169 | D:1      | Reached XP level 2. HP: 13/26 MP: 3/3
   172 | D:1      | Reached * piety under Lugonu
  1011 | D:1      | Reached XP level 3. HP: 31/31 MP: 5/5
  1051 | D:1      | Found a faded altar of an unknown god.
  1556 | D:1      | Reached skill level 1 in Shields
  1770 | D:2      | Reached skill level 3 in Invocations
  2153 | D:2      | Reached ** piety under Lugonu
  2172 | D:2      | Reached XP level 4. HP: 39/40 MP: 6/6
  3045 | D:2      | Reached XP level 5. HP: 32/46 MP: 5/7
  3403 | D:1      | Gained mutation: Potions are less effective at restoring
                  | your health. [potion of mutation]
  3403 | D:1      | Gained mutation: You expend magic power (3 MP) to
                  | strengthen your wands. [potion of mutation]
  3758 | D:1      | Reached skill level 4 in Invocations
  4274 | D:3      | Reached *** piety under Lugonu
  4282 | D:3      | Reached XP level 6. HP: 37/52 MP: 9/9
  4604 | D:4      | Noticed Grinder
  4628 | D:4      | Banished Grinder
  5233 | D:4      | Reached skill level 5 in Invocations
  5321 | D:4      | Your scales start taking on a rich purple colour.
  5321 | D:4      | Reached XP level 7. HP: 60/60 MP: 10/10
  5539 | D:4      | Lost mutation: You expend magic power (3 MP) to strengthen
                  | your wands. [potion of mutation]
  5539 | D:4      | Gained mutation: You have a pair of small horns on your
                  | head. [potion of mutation]
  5539 | D:4      | Gained mutation: Your tail ends in a poisonous barb.
                  | [potion of mutation]
  5539 | D:4      | Gained mutation: You are robust. (+10% HP) [potion of
                  | mutation]
  5539 | D:4      | Gained mutation: You are partially covered in large bone
                  | plates. (SH +4) [potion of mutation]
  6045 | D:4      | Found a runed translucent door.
  6046 | D:4      | Noticed Crazy Yiuf
  6230 | D:4      | Killed Crazy Yiuf
  6276 | D:4      | Identified the +9 mace of Var Fybel {drain, Str+2 Int+3}
  6305 | D:5      | Entered Level 5 of the Dungeon
  6455 | D:5      | Found a glowing golden altar of the Shining One.
  6497 | D:5      | Reached skill level 5 in Fighting
  6508 | D:5      | Reached skill level 6 in Invocations
  6834 | D:5      | Reached XP level 8. HP: 74/74 MP: 12/12
  6837 | D:5      | Reached **** piety under Lugonu
  7329 | D:6      | Found a stormy altar of Qazlal.
  7339 | D:6      | Reached skill level 7 in Invocations
  7507 | D:6      | Found a hazy altar of Hepliaklqana.
  7674 | D:6      | Found a sacrificial altar of Ru.
  8338 | D:7      | Reached skill level 5 in Dodging
  8338 | D:7      | Reached skill level 8 in Invocations
  8397 | D:7      | Reached XP level 9. HP: 81/85 MP: 15/15
  8860 | D:8      | Reached skill level 9 in Invocations
  8964 | D:8      | Found Mobberch's General Store.
  8975 | D:8      | Bought a potion of might for 60 gold pieces
  8975 | D:8      | Bought 2 datura-tipped darts for 12 gold pieces
  8977 | D:8      | Noticed a manticore
  8992 | D:8      | Killed a manticore
  9166 | D:8      | Found a hide-covered altar of Uskayaw.
  9660 | D:9      | Corrupted D:9
  9660 | D:9      | Noticed a starcursed mass
  9660 | D:9      | Noticed a large abomination
  9660 | D:9      | Noticed a will-o-the-wisp
  9660 | D:9      | Noticed a hellwing
  9661 | D:9      | Noticed a smoke demon
  9663 | D:9      | Noticed a tentacled starspawn
  9663 | D:9      | Noticed a starcursed mass
  9663 | D:9      | Noticed a rust devil
  9664 | D:9      | Noticed a starcursed mass
  9664 | D:9      | Noticed a starcursed mass
  9665 | D:9      | Reached skill level 10 in Invocations
  9665 | D:9      | Noticed a starcursed mass
  9695 | D:9      | Noticed a tentacled starspawn
  9734 | D:9      | Noticed a two-headed ogre
  9763 | D:9      | Killed a two-headed ogre
  9780 | D:9      | Found a flagged portal.
  9990 | Bailey   | Entered a bailey
  9995 | Bailey   | Noticed an orc warlord
 10055 | Bailey   | Reached XP level 10. HP: 56/96 MP: 17/17
 10152 | Bailey   | Found a runed translucent gate.
 10154 | Bailey   | Found a runed translucent gate.
 10156 | Bailey   | Found a runed translucent gate.
 10278 | Bailey   | Corrupted Bailey
 10278 | Bailey   | Noticed a glowing orange brain
 10278 | Bailey   | Noticed a tentacled starspawn
 10278 | Bailey   | Noticed a starcursed mass
 10278 | Bailey   | Noticed a spatial maelstrom
 10278 | Bailey   | Noticed a worldbinder
 10278 | Bailey   | Noticed a deep elf sorcerer
 10278 | Bailey   | Noticed a tentacled starspawn
 10278 | Bailey   | Noticed a yellow draconian shifter
 10278 | Bailey   | Noticed a smoke demon
 10279 | Bailey   | Noticed a starcursed mass
 10281 | Bailey   | Noticed a bone dragon
 10285 | Bailey   | Killed an orc warlord
 10295 | Bailey   | Noticed a smoke demon
 10296 | Bailey   | Noticed a thrashing horror
 10314 | Bailey   | Noticed a shadow demon
 10319 | Bailey   | Identified the amulet of Symmetry {Faith rPois MP+9 Int+2
                  | Stlth-}
 10342 | Bailey   | Noticed a starcursed mass
 10349 | Bailey   | Noticed an apocalypse crab
 10558 | D:9      | Found a snail-covered altar of Cheibriados.
 10896 | D:10     | Entered Level 10 of the Dungeon
 11005 | D:10     | Reached skill level 11 in Invocations
 11114 | D:10     | Noticed a death knight
 11188 | D:10     | Found a glowing silver altar of Zin.
 11225 | D:10     | Found an opulent altar of Gozag.
 11889 | D:10     | Noticed a two-headed ogre
 11917 | D:10     | Corrupted D:10
 11917 | D:10     | Noticed a thrashing horror
 11917 | D:10     | Noticed a tentacled starspawn
 11917 | D:10     | Noticed a lich
 11917 | D:10     | Noticed an apocalypse crab
 11918 | D:10     | Noticed a white draconian shifter
 11919 | D:10     | Noticed a starcursed mass
 11919 | D:10     | Noticed a starcursed mass
 11919 | D:10     | Slain by a small abomination

Illustrated notes

Levels and vault maps discovered:
D:1:      psy_arrival_radial01, layout_loops_ring,
          chequers_ecumenical_altar_simple_redux, supply_closet_lemuel,
          nrook_mini_backslash, minmay_split_cup_large
D:2:      cheibrodos_fertilizer, layout_rooms, wad_floor_pattern_untrapped,
          minmay_pentomino_p2
D:3:      layout_rooms
D:4:      layout_basic, chequers_serial_rivers_micro_b, uniq_grinder,
          uniq_crazy_yiuf_cottage
D:5:      layout_basic, old_standard_altar
D:6:      layout_loops_ring, lemuel_coloured_pillars_altar,
          grunt_qazlal_sundering, nicolae_hepliaklqana_hazy_memory,
          kennysheep_generic_room_8
D:7:      layout_basic, temple_fountains, small_statue_intersection
D:8:      layout_basic, overflow_temple_1_default, serial_shops,
          nicolae_shop_temple_entry_statues_fountains
D:9:      layout_long_grid, lemuel_crystal_altar, enter_bailey_5
D:10:     layout_roguey, pdpol_temple_overflow_zin_treasury_gozag_greed,
          gammafunk_temple_overflow_pools, hangedman_corner_corridor

Skill      XL: |  1  2  3  4  5  6  7  8  9 10 |
---------------+-------------------------------+-----
Shields        | 1 2 3 4 |  4.0
Invocations    | 3 4 5 6 8 10 11 | 11.3
Fighting       | 4 5 6 8 |  8.7
Polearms       | 3 |  3.9
Dodging        | 3 4 5 6 7 |  7.0

Action                   |  1- 3 |  4- 6 |  7- 9 | 10-12 || total
-------------------------+-------+-------+-------+-------++-------
Melee: Spear             |   178 |   256 |    75 |       ||   509
       Tailslap          |    15 |    34 |    40 |     9 ||    98
       Mace              |       |       |   190 |    91 ||   281
       Headbutt          |       |       |    46 |    25 ||    71
Invok: Depart the Abyss  |     1 |       |       |       ||     1
       Bend Space        |       |     9 |     2 |       ||    11
       Banish            |       |     1 |       |       ||     1
       Corrupt           |       |       |     1 |     2 ||     3
 Abil: Breathe Dispellin |       |       |    42 |    14 ||    56
Evoke: Phantom mirror    |       |       |     1 |       ||     1
       Wand              |       |       |       |     1 ||     1
  Use: Potion            |       |     8 |     2 |       ||    10
       Scroll            |       |     3 |     5 |       ||     8
 Stab: Sleeping          |     1 |       |       |       ||     1
       Distracted        |       |     2 |       |       ||     2
Armor: Skin              |    45 |    42 |    43 |    62 ||   192
Dodge: Dodged            |    76 |    79 |   106 |   108 ||   369
Block: Buckler           |    17 |    86 |   179 |    89 ||   371
       Reflection        |       |     2 |    12 |     8 ||    22

Table legend: (Time is in decaauts)
 A = Elapsed time spent in this place.
 B = Non-inter-level travel time spent in this place.
 C = Inter-level travel time spent in this place.
 D = Time resting spent in this place.
 E = Time spent auto-exploring this place.
 F = Levels seen in this place.
 G = Mean time per level.
                   A        B        C        D        E       F      G
               +--------+--------+--------+--------+--------+-----+--------+
         Total |  12033 |  11786 |    247 |   1045 |   8067 |  12 | 1002.8 |
       Dungeon |  11525 |  11278 |    247 |    995 |   8067 |  10 | 1152.5 |
         Abyss |     94 |     94 |      0 |      0 |      0 |   1 |   94.0 |
        Bailey |    413 |    413 |      0 |     50 |      0 |   1 |  413.0 |
               +--------+--------+--------+--------+--------+-----+--------+

Top non-repeatable levels by time:
     D:1: 2081 daAuts
     D:2: 1616 daAuts
     D:4: 1497 daAuts
     D:9: 1074 daAuts
     D:3: 1009 daAuts
     D:5: 997 daAuts
     D:6: 894 daAuts
     D:8: 859 daAuts
    D:10: 848 daAuts
     D:7: 645 daAuts
  Bailey: 413 daAuts
 Abyss:1: 94 daAuts
